AoeStats
← Mailliw1989

Arabia

504384014Analyzed
1v1 RM · 26d ago on Sep 5, 2026· 42m 4s· 2 players
Game mode
Random Map
Map size
Tiny (2 player)
Population
200
Speed
Normal
Resources
Standard
Victory
Conquest
Starting age
Dark Age
Ending age
Imperial Age
RankedLock teamsTeams togetherTeam positionsShared explorationLock speedFull tech treeHidden civsTurbo modeCheats
Victory
Defeat
🇨🇴 Britons · Colombia
617
+18
🇲🇽 Spanish · Mexico
669
-18
Mailliw1989
9:42 Feudal Age
10:54 Double-Bit Axe
11:33 Loom
12:39 Horse Collar
20:07 Castle Age
18:06 Fletching
18:16 Padded Archer Armor
18:42 Padded Archer Armor
21:06 Crossbowman
21:43 Bodkin Arrow
21:12 Pikeman
23:21 Leather Archer Armor
23:35 Heavy Plow
25:21 Bow Saw
28:39 Wheelbarrow
31:30 Gold Mining
32:03 Ballistics
31:39 Murder Holes
32:10 Hand Cart
31:40 Town Watch
32:32 Scale Barding Armor
32:38 Forging
33:09 Gold Shaft Mining
33:16 Husbandry
38:17 Imperial Age
36:17 Yeomen
37:25 Chain Barding Armor
37:41 Iron Casting
38:45 Arbalester
41:01 Chemistry
40:44 Town Patrol
rafael.alatorrer
8:12 Loom
10:34 Feudal Age
18:30 Castle Age
18:13 Double-Bit Axe
30:14 Bloodlines
29:30 Elite Skirmisher
43:20 Imperial Age
40:56 Fletching
Connection lost

Rejoining the realm…

Still unreachable

The connection could not be restored.

Session expired

The server has moved on; the page needs a fresh start.